 Dungeon Crawl Stone Soup version 0.29-a0-234-g0dae59b3db (webtiles) character file.

Game seed: 7959507066002550344

35 lunkers the Sneak (level 3, -9/28 HPs)
             Began as a Vampire Delver on Mar 1, 2022.
             Mangled by an ogre
             ... wielding a +0 giant club
              (14 damage)
             ... on level 2 of the Dungeon on Mar 2, 2022.
             The game lasted 00:02:39 (1251 turns).

lunkers the Sneak (Vampire Delver)                  Turns: 1251, Time: 00:02:40

Health: -9/28      AC:  5    Str: 11    XL:     3   Next: 17%
Magic:  3/3        EV: 11    Int: 12    God:
Gold:   78         SH:  0    Dex: 17    Spells: 2/2 levels left

rFire   . . .      SeeInvis +   a - +0 short sword
rCold   . . .      Faith    .   (no shield)
rNeg    . . .      Spirit   .   l - +0 ring mail
rPois   .          Reflect  .   (no helmet)
rElec   .          Harm     .   (no cloak)
rCorr   +          Rampage  .   (no gloves)
Will    .....                   (no boots)
Stlth   +++.......              (no amulet)
HPRegen 0.29/turn               m - ring of resist corrosion
MPRegen 0.08/turn               (no ring)

@: healing quickly
A: alive, fangs 3, see invisible, vampiric 2
a: Exsanguinate


You were on level 2 of the Dungeon.
You visited 1 branch of the dungeon, and saw 5 of its levels.

You collected 78 gold pieces.

Inventory:

Hand Weapons
 a - a +0 short sword (weapon)
Armour
 b - a +0 leather armour
 l - a +0 ring mail (worn)
Jewellery
 k - a ring of flight
 m - a ring of resist corrosion (left hand)
Wands
 g - a wand of digging (3)
 n - a wand of flame (12)
Scrolls
 c - a scroll of fog
 d - a scroll of magic mapping
 e - 2 scrolls of fear
 r - a scroll of amnesia {unknown}
Potions
 f - a potion of haste
 h - 4 potions of brilliance
 i - a potion of resistance {unknown}
 j - a potion of mutation {unknown}
 o - 2 potions of heal wounds
 p - a potion of berserk rage {unknown}
 q - a potion of degeneration {unknown}


   Skills:
 - Level 2.6 Fighting
 * Level 3.5 Short Blades
 - Level 2.1 Dodging
 + Level 7.8 Stealth


You had 2 spell levels left.
You didn't know any spells.
Your spell library contained the following spells:

 Spells                   Type           Power      Damage    Failure   Level
 Animate Skeleton         Necr           0%         N/A       63%         1
 Apportation              Tloc           0%         N/A       63%         1
 Beastly Appendage        Tmut           0%         N/A       63%         1
 Summon Small Mammal      Summ           0%         N/A       63%         1
 Wereblood                Tmut           0%         N/A       77%         2
 Spider Form              Tmut/Pois      0%         N/A       94%         3


Dungeon Overview and Level Annotations

Branches:
Dungeon (5/15)
 Temple: D:4-7

Altars:


Innate Abilities, Weirdness & Mutations

Your natural rate of healing is accelerated.
You have razor-sharp teeth.
You have supernaturally acute eyesight. (SInv)
You are afflicted with vampirism and can become a bat while bloodless.


Message History

No target in view!
No target in view!
No target in view!
No target in view!
No target in view!
You now have 78 gold pieces (gained 6).
h - 4 potions of brilliance (gained 1)
An ogre comes into view. It is wielding a +0 giant club.
Found 5 gold pieces.
An ogre is nearby!
An ogre is nearby!
The ogre shouts!
You hit the ogre.
The ogre is lightly wounded.
The ogre hits you with a +0 giant club!!
Ouch! That really hurt!
* * * LOW HITPOINT WARNING * * *
Aiming: Throw Flame
Press: ? - help, Shift-Dir - straight line, f - ogre
Aim: an ogre, wielding a +0 giant club (lightly wounded, 85% to hit)
The puff of flame hits the ogre.
The ogre is lightly wounded.
Aiming: Throw Flame
Press: ? - help, Shift-Dir - straight line, f/p - ogre
Aim: an ogre, wielding a +0 giant club (lightly wounded, 85% to hit)
The puff of flame misses the ogre.
The ogre barely misses you.
Aiming: Throw Flame
Press: ? - help, Shift-Dir - straight line, f/p - ogre
Aim: an ogre, wielding a +0 giant club (lightly wounded, 85% to hit)
The puff of flame hits the ogre.
The ogre is moderately wounded.
The ogre closely misses you.
Aiming: Throw Flame
Press: ? - help, Shift-Dir - straight line, f/p - ogre
Aim: an ogre, wielding a +0 giant club (moderately wounded, 85% to hit)
The puff of flame hits the ogre.
The ogre is heavily wounded.
The ogre hits you with a +0 giant club!
Ouch! That really hurt!
You die...

..##.....##...........#.......###
#........##...........#..........
#..<.....##.#.........#..........
#.#..#.####.#.........#>.........
#.##...# ..#.........#..........
.>##..## ###....................
## #..# .###......##...##.......
.... ..........#8...8#.†..#..
####. ##....@..##...#######.# .#
#....O..##...# #.#
#........##...## #.#
#.##....$#8...8# #.. #
#.....##.†.#### ###.
#.....##...##8###8#.
#.....##............
#.....#8............
##............


You could see an ogre.

Vanquished Creatures
  An ufetubus (D:4)
  A dart slug (D:1)
  An endoplasm (D:1)
  3 giant cockroaches
  2 goblins (D:1)
  4 hobgoblins
  2 quokkas
  3 ball pythons
  A bat (D:1)
  3 frilled lizards (D:1)
  7 rats
28 creatures vanquished.

Notes
Turn   | Place    | Note
-------+----------+-------------------------------------------
     0 | D:5      | lunkers the Vampire Delver began the quest for the Orb.
     0 | D:5      | Reached XP level 1. HP: 17/17 MP: 1/1
     0 | D:5      | Upgraded the game from 0.29-a0-233-g1125b37a9b to
                  | 0.29-a0-234-g0dae59b3db
   217 | D:3      | Reached XP level 2. HP: 23/23 MP: 2/2
   929 | D:1      | Gained mutation: You are afflicted with vampirism and can
                  | become a bat while bloodless. [Vampire growth]
   929 | D:1      | Reached XP level 3. HP: 28/28 MP: 3/3
  1243 | D:2      | Noticed an ogre
  1251 | D:2      | Mangled by an ogre

Illustrated notes

Levels and vault maps discovered:
D:1:      dpeg_arrival_yet_another_circle, layout_basic
D:2:      layout_rooms, serial_corexii_hall, corexii_hall_statues_deadend,
          corexii_hall_statues_l
D:3:      layout_basic, serial_shops, nicolae_shop_behind_doors
D:4:      layout_basic
D:5:      layout_loops_ring, general_overflow_altar, nicolae_ru_path_of_blood,
          minmay_temple_entry_slanted

Skill      XL: |  1  2 |
---------------+-------+-----
Short Blades   | 3 |  3.5
Fighting       | |  2.6
Dodging        | |  2.1
Stealth        | |  7.8

Action                   || total
-------------------------++-------
Melee: Short sword       ||    62
       Bite              ||     7
Evoke: Wand              ||     4
  Use: Scroll            ||     2
 Stab: Sleeping          ||    13
Armor: Ring mail         ||     8
       Leather armour    ||     2
Dodge: Dodged            ||    21

Table legend: (Time is in decaauts)
 A = Elapsed time spent in this place.
 B = Non-inter-level travel time spent in this place.
 C = Inter-level travel time spent in this place.
 D = Time resting spent in this place.
 E = Time spent auto-exploring this place.
 F = Levels seen in this place.
 G = Mean time per level.
                   A        B        C        D        E       F      G
               +--------+--------+--------+--------+--------+-----+--------+
         Total |   1246 |   1240 |      6 |      0 |    968 |   5 |  249.2 |
       Dungeon |   1246 |   1240 |      6 |      0 |    968 |   5 |  249.2 |
               +--------+--------+--------+--------+--------+-----+--------+

Top non-repeatable levels by time:
     D:1: 530 daAuts
     D:3: 252 daAuts
     D:2: 249 daAuts
     D:4: 204 daAuts
     D:5: 9 daAuts
